[Event "*** SCC Grand Prix: Titled Tuesday Blitz"]
[Site "Chess.com"]
[Date "2020.07.07"]
[Round "10"]
[White "awesomevishesh"]
[Black "Yoshikrov"]
[Result "0-1"]
[WhiteElo "2358"]
[BlackElo "2117"]
[TimeControl "180+1"]
[EndTime "12:00:36 PDT"]
[Termination "Yoshikrov won by checkmate"]

1. d4 Nf6 2. c4 g6 3. g3 d5 4. Bg2 Bg7 5. Nf3 O-O 6. O-O dxc4 7. Na3 c5 8. Nxc4 cxd4 9. Nxd4 Nbd7 10. b3 Nb6 11. Na5 Nbd5 12. Qd2 Rb8 13. Bb2 Qb6 14.
Nc4 Qb4 15. Qd3 e6 16. Ba3 Qc3 17. Qxc3 Nxc3 18. Bxf8 Bxf8 19. Rac1 Ncd5 20. e4 Nb4 21. a3 Nd3 22. Rc3 Nc5 23. e5 Nd5 24. Bxd5 exd5 25. Nd6 Bxd6 26. exd6 Ne4 27. Rc7 Nxd6 28. Kg2 Bf5 29.
Re1 Be4+ 30. f3 Bd3 31. Re5 Nf5 32. Rxd5 Ne3+ 33. Kf2 Nxd5 34. Rd7 Nb6 35. Rd6 Ba6 36. f4 Kg7 37. a4 Rc8 38. a5 Na8 39. Rd7 Nc7 40.
b4 Nb5 41. Ne6+ Kf6 42. Ng5 Rf8 43. Ne4+ Kg7 44. Ng5 h6 45. Ne6+ Kg8 46. Nxf8 Kxf8 47. Ke3 Ke8 48. Rd2 Ke7 49. Ke4 Nd6+ 50. Kd5 Nf5 51. Ke5 Bb5 52. Rd5 Bc6 53. Rc5 a6 54. g4 Ne3 55. Kd4 Nxg4 56. Rc3 Nxh2 57. Kc5 Ng4 58.
Kb6 h5 59. Rg3 Nf6 60. Rg1 Nd5+ 61. Kc5 Nxf4 62. Re1+ Ne6+ 63. Kb6 Kf6 64. Rc1 h4 65. Rc4 h3 66. Rh4 Ng5 67. Kc7 Kf5 68. Kb6 f6 69. b5 Bxb5 70. Kxb7 Bf1 71. Kb6 Nf3 72. Rh7 h2 73. Rxh2 Nxh2 74. Kc5 Nf3 75. Kc6 g5 76. Kd6 g4 77. Kd5 g3 78. Kc5 g2 79. Kb6 g1=Q+ 80.
Kb7 Bb5 81. Kc7 Qc5+ 82. Kd8 Qd6+ 83. Kc8 Bd7+ 84. Kb7 Qc6+ 85. Ka7 Qc7+ 86. Ka8 Bc6# 0-1

[Event "*** SCC Grand Prix: Titled Tuesday Blitz"]
[Site "Chess.com"]
[Date "2020.07.07"]
[Round "10"]
[White "jacky72"]
[Black "Indianlad"]
[Result "1/2-1/2"]
[WhiteElo "2654"]
[BlackElo "2938"]
[TimeControl "180+1"]
[EndTime "12:01:41 PDT"]
[Termination "Game drawn - insufficient material"]

1. d4 Nf6 2. c4 e6 3. Nf3 d5 4. Nc3 a6 5. cxd5 exd5 6. Bg5 Be6 7. e3 Nbd7 8. Bd3 Bd6 9. O-O h6 10. Bf4 Qe7 11. Rb1 O-O 12. Bxd6 Qxd6 13. b4 c6 14. Na4 Ne4 15. Qc2 Rae8 16. Nc5 Ndxc5 17.
dxc5 Qc7 18. Bxe4 dxe4 19. Nd4 Bd5 20. a4 Re5 21. b5 axb5 22. axb5 Rg5 23. bxc6 bxc6 24.
Rb6 Qd7 25. Rfb1 h5 26. Rb8 Rxb8 27. Rxb8+ Kh7 28. f4 Rg6 29. Qe2 Qh3 30. Kh1 Qg4 31.
Qxg4 hxg4 32. Kg1 g3 33. hxg3 Rxg3 34. Kf2 Rg6 35. Rc8 Rf6 36. g4 g5 37. Nf5 Rg6 38. Kg3 Be6 39. Rxc6 gxf4+ 40. Kxf4 Rg8 41. Rd6 Ra8 42.
Kxe4 Kg6 43. Nd4 Kf6 44. Kf4 Rc8 45. Rc6 Rg8 46. g5+ Rxg5 47. Nxe6 Rf5+ 48. Ke4 fxe6 49. Rc7 Rd5 50. c6 Rc5 51. Rc8 Ke7 52. Kd4 Rd5+ 53. Kc4 Rd1 54. c7 Rc1+ 55. Kd4 Kd7 56. Rh8 Kxc7 57. Ke5 Rc6 58. e4 Kd7 59. Rh7+ Ke8 60. Kf6 e5+ 61. Kxe5 Ra6 62. Kf5 Rb6 63. e5 Ra6 64.
Rb7 Rc6 65. Ra7 Rb6 66. Rc7 Ra6 67. Rc4 Rb6 68. Rh4 Ra6 69. Rb4 Rc6 70. Ra4 Rb6 71. Ra2 Rc6 72. Rg2 Rb6 73. Rd2 Rc6 74. Rd4 Rb6 75. Ke4 Ke7 76. Kf5 Rh6 77. Rg4 Rh5+ 78. Ke4 Rh1 79. Rg7+ Ke6 80. Rg6+ Kf7 81. Ra6 Re1+ 82. Kd5 Rd1+ 83. Kc5 Re1 84. Kd6 Rd1+ 85. Kc6 Ke6 86. Ra5 Rd8 87. Kc7 Rd2 88. Rc5 Rh2 89.
Kc6 Rh8 90. Rd5 Rc8+ 91. Kb7 Rc1 92. Rb5 Rc4 93. Kb6 Rc8 94. Rc5 Rb8+ 95. Kc7 Rb1 96. Kd8 Rd1+ 97. Ke8 Rh1 98. Kf8 Rg1 99. Rb5 Rg2 100. Ra5 Rb2 101. Kg7 Rb8 102. Kg6 Rg8+ 103. Kh5 Rg1 104. Rb5 Kf5 105. Kh4 Kf4 106. Kh3 Re1 107. Rb8 Rxe5 108. Rb4+ Kf3 109. Rb3+ Ke4 110. Kg2 Rc5 111. Rg3 Rc2+ 112. Kh3 Kf4 113. Rg4+ Kf5 114. Rg3 Rc8 115. Rf3+ Kg5 116. Kg2 Kg4 117. Rg3+ Kf4 118. Rf3+ Ke4 119. Rg3 Rc2+ 120. Kh3 Re2 121. Rg4+ Kd3 122. Rg3+ Re3 123. Kg4 Rxg3+ 124.
Kxg3 1/2-1/2